TOP OF THE 1ST |
Savannah Hogs batting - Pitching for Athens Assassins : RHP Juan Carlos Guerrero
|
Pitching: RHP Juan Carlos Guerrero
|
|
Batting: RHB Guillermo González
|
0-0: Ball 1-0: Ball 2-0: Called Strike 2-1: Called Strike 2-2: Strikes out looking
|
Batting: RHB Luis González
|
0-0: Ball 1-0: Ball 2-0: Swinging Strike 2-1: Swinging Strike 2-2: Foul Ball, location: 2F 2-2: Foul Ball, location: 2F 2-2: Ball 3-2: Foul Ball, location: 2F 3-2: Foul Ball, location: 2F 3-2: Foul Ball, location: 2F 3-2: Ground out 6-3 (Groundball, 6)
|
Batting: LHB Ivan Costello
|
0-0: Ball 1-0: Foul Ball, location: 2F 1-1: Swinging Strike 1-2: SINGLE (Groundball, 3D)
|
Batting: LHB Jim Clemente
|
0-0: Ball 1-0: Called Strike 1-1: Foul Ball, location: 2F 1-2: Strikes out swinging
|
Top of the 1st over - 0 run(s), 1 hit(s), 0 error(s), 1 left on base; Savannah 0 - Athens 0 |
BOTTOM OF THE 1ST |
Athens Assassins batting - Pitching for Savannah Hogs : LHP Roberto Barrón
|
Pitching: LHP Roberto Barrón
|
|
Batting: LHB José Martínez
|
0-0: Ball 1-0: Called Strike 1-1: Ball 2-1: Fly out, F9 (Flyball, 9D)
|
Batting: RHB James Anderson
|
0-0: Fly out, F6 (Line Drive, 6)
|
Batting: RHB Foster Hapgood
|
0-0: Foul Ball, location: 2F 0-1: Foul Ball, location: 2F 0-2: Ball 1-2: Foul Ball, location: 2F 1-2: Strikes out looking
|
Bottom of the 1st over - 0 run(s), 0 hit(s), 0 error(s), 0 left on base; Savannah 0 - Athens 0 |
TOP OF THE 2ND |
Savannah Hogs batting - Pitching for Athens Assassins : RHP Juan Carlos Guerrero
|
Batting: RHB Sergio Moreno
|
0-0: Ball 1-0: SOLO HOME RUN (Flyball, 78XD) (Inside the Park)
|
Batting: RHB Orlando Márquez
|
0-0: Called Strike 0-1: Called Strike 0-2: Foul Ball, location: 2F 0-2: Ball 1-2: Strikes out looking
|
Batting: RHB Remi Eruzione
|
0-0: Fly out, F7 (Line Drive, 7D)
|
Batting: RHB Ramón Gómez
|
0-0: Called Strike 0-1: TRIPLE (Groundball, 3L)
|
Batting: RHB Anastasio Movonda
|
0-0: Foul Ball, location: 2F 0-1: Foul Ball, location: 2F 0-2: Fly out, F8 (Line Drive, 89M)
|
Top of the 2nd over - 1 run(s), 2 hit(s), 0 error(s), 1 left on base; Savannah 1 - Athens 0 |
BOTTOM OF THE 2ND |
Athens Assassins batting - Pitching for Savannah Hogs : LHP Roberto Barrón
|
Batting: RHB Luis López
|
0-0: Ball
|
|
|
|
1-0: Foul Ball, location: 2F 1-1: Called Strike 1-2: Ball 2-2: Strikes out looking
|
Batting: RHB Maximino Abbado
|
0-0: Called Strike 0-1: Ball 1-1: Ball 2-1: Swinging Strike 2-2: Foul Ball, location: 2F 2-2: Strikes out looking
|
Batting: RHB Don Martin
|
0-0: Called Strike 0-1: Foul Ball, location: 2F 0-2: Foul Ball, location: 2F 0-2: Foul Ball, location: 2F 0-2: Ball 1-2: Ground out 6-3 (Groundball, 6)
|
Bottom of the 2nd over - 0 run(s), 0 hit(s), 0 error(s), 0 left on base; Savannah 1 - Athens 0 |
TOP OF THE 3RD |
Savannah Hogs batting - Pitching for Athens Assassins : RHP Juan Carlos Guerrero
|
Batting: RHB Guillermo González
|
0-0: Ball 1-0: Foul Ball, location: 2F 1-1: Called Strike 1-2: Strikes out swinging
|
Batting: RHB Luis González
|
0-0: Ball 1-0: Swinging Strike 1-1: Foul Ball, location: 2F 1-2: Ball 2-2: Foul Ball, location: 2F 2-2: Ball 3-2: Foul Ball, location: 2F 3-2: Base on Balls
|
Batting: LHB Ivan Costello
|
0-0: Ball 1-0: Ball 2-0: Fly out, F8 (Flyball, 8LS)
|
Batting: LHB Jim Clemente
|
0-0: Fly out, F8 (Flyball, 78M)
|
Top of the 3rd over - 0 run(s), 0 hit(s), 0 error(s), 1 left on base; Savannah 1 - Athens 0 |
BOTTOM OF THE 3RD |
Athens Assassins batting - Pitching for Savannah Hogs : LHP Roberto Barrón
|
Batting: RHB Júlio Castillo
|
0-0: Called Strike 0-1: Ground out 5-3 (Groundball, 5)
|
Batting: RHB Britt Short
|
0-0: Ball 1-0: Ball 2-0: Ball 3-0: Called Strike 3-1: Base on Balls
|
Batting: LHB Miguel García
|
0-0: Ball 1-0: Called Strike Britt Short steals 2nd base 1-1: SINGLE (Line Drive, 89S) Britt Short to third
|
Batting: LHB José Martínez
|
0-0: Ball 1-0: Swinging Strike 1-1: Ball 2-1: Foul Ball, location: 2F 2-2: Ball Miguel García steals 2nd base 3-2: Foul Ball, location: 2F 3-2: Base on Balls
|
Batting: RHB James Anderson
|
0-0: Called Strike 0-1: Fielders Choice at 2nd, 3-6 (Groundball, 34) Britt Short scores Miguel García to third
|
Batting: RHB Foster Hapgood
|
0-0: Called Strike 0-1: Ball 1-1: Ground out U3 (Groundball, 3)
|
Bottom of the 3rd over - 1 run(s), 1 hit(s), 0 error(s), 2 left on base; Savannah 1 - Athens 1 |
TOP OF THE 4TH |
Savannah Hogs batting - Pitching for Athens Assassins : RHP Juan Carlos Guerrero
|
Batting: RHB Sergio Moreno
|
0-0: Ball 1-0: Ball 2-0: Fly out, F9 (Flyball, 89S)
|
Batting: RHB Orlando Márquez
|
0-0: Swinging Strike 0-1: Ground out 4-3 (Groundball, 4M)
|
Batting: RHB Remi Eruzione
|
0-0: Ball 1-0: SINGLE (Flyball, 6MD)
|
Batting: RHB Ramón Gómez
|
0-0: Called Strike Remi Eruzione steals 2nd base 0-1: Foul Ball, location: 2F 0-2: Ball 1-2: Ground out 1-3 (Groundball, 13S)
|
Top of the 4th over - 0 run(s), 1 hit(s), 0 error(s), 1 left on base; Savannah 1 - Athens 1 |
BOTTOM OF THE 4TH |
Athens Assassins batting - Pitching for Savannah Hogs : LHP Roberto Barrón
|
Batting: RHB Luis López
|
0-0: Ball 1-0: Foul Ball, location: 2F 1-1: Ball 2-1: Swinging Strike 2-2: Foul Ball, location: 2F 2-2: Strikes out swinging
|
Batting: RHB Maximino Abbado
|
0-0: Foul Ball, location: 2F 0-1: Swinging Strike 0-2: Ball 1-2: Ground out 5-3 (Groundball, 56S)
|
Batting: RHB Don Martin
|
0-0: Swinging Strike 0-1: Ball 1-1: Foul Ball, location: 2F 1-2: Ball 2-2: Foul Ball, location: 2F 2-2: Strikes out swinging
|
Bottom of the 4th over - 0 run(s), 0 hit(s), 0 error(s), 0 left on base; Savannah 1 - Athens 1 |
TOP OF THE 5TH |
Savannah Hogs batting - Pitching for Athens Assassins : RHP Juan Carlos Guerrero
|
Batting: RHB Anastasio Movonda
|
0-0: Ball 1-0: Bunt missed! 1-1: Swinging Strike 1-2: Ball 2-2: Foul Ball, location: 2F 2-2: Ball 3-2: Base on Balls
|
Batting: RHB Guillermo González
|
0-0: Ball 1-0: Grounds into double play, 5-4-3 (Groundball, 56)
|
Batting: RHB Luis González
|
0-0: Called Strike 0-1: Reached on error, E7 (Line Drive, 78M)
|
Batting: LHB Ivan Costello
|
0-0: Called Strike 0-1: Ball 1-1: Ball 2-1: Swinging Strike 2-2: Ball 3-2: Strikes out looking
|
Top of the 5th over - 0 run(s), 0 hit(s), 1 error(s), 1 left on base; Savannah 1 - Athens 1 |
BOTTOM OF THE 5TH |
Athens Assassins batting - Pitching for Savannah Hogs : LHP Roberto Barrón
|
Batting: RHB Júlio Castillo
|
0-0: Swinging Strike 0-1: Ball 1-1: Ball 2-1: Swinging Strike 2-2: Strikes out swinging
|
Batting: RHB Britt Short
|
0-0: Foul Ball, location: 2F 0-1: Foul Ball, location: 2F 0-2: Strikes out swinging
|
Batting: LHB Miguel García
|
0-0: Foul Ball, location: 2F 0-1: Fly out, F9 (Flyball, 89S)
|
Bottom of the 5th over - 0 run(s), 0 hit(s), 0 error(s), 0 left on base; Savannah 1 - Athens 1 |
TOP OF THE 6TH |
Savannah Hogs batting - Pitching for Athens Assassins : RHP Juan Carlos Guerrero
|
Pitching: LHP Mario López
|
|
Batting: LHB Jim Clemente
|
0-0: Ball 1-0: Ball 2-0: Called Strike 2-1: Foul Ball, location: 2F 2-2: Foul Ball, location: 2F 2-2: Ground out 6-3 (Groundball, 6)
|
Batting: RHB Sergio Moreno
|
0-0: Ball 1-0: Ball 2-0: Called Strike 2-1: Swinging Strike 2-2: Foul Ball, location: 2F 2-2: Strikes out looking
|
Batting: RHB Orlando Márquez
|
0-0: Called Strike 0-1: Foul Ball, location: 2F 0-2: Ground out 6-3 (Groundball, 6M)
|
Top of the 6th over - 0 run(s), 0 hit(s), 0 error(s), 0 left on base; Savannah 1 - Athens 1 |
BOTTOM OF THE 6TH |
Athens Assassins batting - Pitching for Savannah Hogs : LHP Roberto Barrón
|
Batting: LHB José Martínez
|
0-0: Called Strike 0-1: DOUBLE (Line Drive, 9LM)
|
Batting: RHB James Anderson
|
0-0: Called Strike 0-1: Foul Ball, location: 2F 0-2: Ball 1-2: Strikes out swinging
|
Batting: RHB Foster Hapgood
|
0-0: Fly out, F9 (Flyball, 89S)
|
Batting: RHB Luis López
|
0-0: Foul Ball, location: 2F 0-1: Swinging Strike 0-2: Ball 1-2: Strikes out looking
|
Bottom of the 6th over - 0 run(s), 1 hit(s), 0 error(s), 1 left on base; Savannah 1 - Athens 1 |
TOP OF THE 7TH |
Savannah Hogs batting - Pitching for Athens Assassins : LHP Mario López
|
Batting: RHB Remi Eruzione
|
0-0: Called Strike 0-1: SINGLE (Groundball, 56D)
|
Pinch Hitting: RHB Javier Músquez
|
0-0: Ball 1-0: Bunted foul 1-1: Ball 2-1: Bunted foul 2-2: SINGLE (Line Drive, 4MD) Remi Eruzione to second
|
Batting: RHB Anastasio Movonda
|
0-0: Ball 1-0: Sac Bunt - play at first, batter OUT! 1-4 Remi Eruzione to third Javier Músquez to second
|
Pinch Hitting: RHB Henry Dawson
|
0-0: Intentional Walk
|
Pinch Hitting: LHB Miguel Medellín
|
0-0: Called Strike 0-1: Foul Ball, location: 2F 0-2: SINGLE (Line Drive, 6MD) Remi Eruzione scores Javier Músquez to third Henry Dawson to second Runner from 3rd tries for Home, SAFE, no throw
|
Batting: LHB Ivan Costello
|
0-0: Ball 1-0: Called Strike 1-1: Swinging Strike 1-2: Strikes out swinging
|
Batting: LHB Jim Clemente
|
0-0: Called Strike 0-1: Called Strike 0-2: Foul Ball, location: 2F 0-2: Foul Ball, location: 2F 0-2: Ball 1-2: Strikes out swinging
|
Top of the 7th over - 2 run(s), 3 hit(s), 0 error(s), 2 left on base; Savannah 3 - Athens 1 |
BOTTOM OF THE 7TH |
Athens Assassins batting - Pitching for Savannah Hogs : LHP Roberto Barrón
|
Pitching: RHP Ramón Martínez
|
|
Now at 2B: Henry Dawson
|
|
Now in LF: Miguel Medellín
|
|
Now in RF: Javier Músquez
|
|
Batting: RHB Maximino Abbado
|
0-0: Called Strike 0-1: Ground out 3-1 (Groundball, 34)
|
Batting: RHB Don Martin
|
0-0: Ball 1-0: Ball 2-0: Ball 3-0: Foul Ball, location: 2F 3-1: Fly out, F4 (Line Drive, 4M)
|
Batting: RHB Júlio Castillo
|
0-0: Called Strike 0-1: Called Strike 0-2: Strikes out swinging
|
Bottom of the 7th over - 0 run(s), 0 hit(s), 0 error(s), 0 left on base; Savannah 3 - Athens 1 |
TOP OF THE 8TH |
Savannah Hogs batting - Pitching for Athens Assassins : LHP Mario López
|
Batting: RHB Sergio Moreno
|
0-0: Ball 1-0: Ball 2-0: Ball 3-0: Base on Balls
|
Batting: RHB Orlando Márquez
|
0-0: Called Strike 0-1: SINGLE (Groundball, 56D) Sergio Moreno to second
|
Batting: RHB Remi Eruzione
|
0-0: Ball 1-0: Bunt missed! 1-1: Bunt missed! 1-2: Foul Ball, location: 2F 1-2: SINGLE (Line Drive, 9LS) Sergio Moreno to third Orlando Márquez to second
|
Pitching: RHP León Delgado
|
|
Pinch Hitting: LHB Juan Delgado
|
0-0: Called Strike 0-1: Ball 1-1: Ball 2-1: Foul Ball, location: 2F 2-2: Ball 3-2: Foul Ball, location: 2F 3-2: SINGLE (Line Drive, 4) Sergio Moreno scores Orlando Márquez to third Remi Eruzione to second
|
Pinch Hitting: LHB Guillermo Santos
|
0-0: Ball 1-0: Ball 2-0: Called Strike 2-1: Called Strike 2-2: Ball 3-2: Base on Balls Orlando Márquez scores Remi Eruzione to third Juan Delgado to second
|
Batting: RHB Henry Dawson
|
0-0: Ball 1-0: Ball 2-0: Ball 3-0: Called Strike 3-1: Swinging Strike 3-2: Strikes out swinging
|
Batting: LHB Miguel Medellín
|
0-0: Ball 1-0: Ball 2-0: Called Strike 2-1: SINGLE (Groundball, 34D) Remi Eruzione scores Juan Delgado to third Guillermo Santos to second
|
Batting: LHB Ivan Costello
|
0-0: Ball 1-0: Swinging Strike 1-1: Foul Ball, location: 2F 1-2: Strikes out swinging
|
Batting: LHB Jim Clemente
|
0-0: Called Strike 0-1: Ball 1-1: Swinging Strike 1-2: Strikes out swinging
|
Top of the 8th over - 3 run(s), 4 hit(s), 0 error(s), 3 left on base; Savannah 6 - Athens 1 |
BOTTOM OF THE 8TH |
Athens Assassins batting - Pitching for Savannah Hogs : RHP Ramón Martínez
|
Pitching: RHP Ubaldo Tavaia
|
|
Now at 3B: Ernesto Gómez
|
|
Now in RF: Guillermo Santos
|
|
Batting: RHB Britt Short
|
0-0: Called Strike 0-1: Called Strike 0-2: Ball 1-2: Fly out, F8 (Flyball, 8LD)
|
Batting: LHB Miguel García
|
0-0: Called Strike 0-1: Swinging Strike 0-2: Ball 1-2: Strikes out looking
|
Batting: LHB José Martínez
|
0-0: Ball 1-0: Ball 2-0: Ball 3-0: Called Strike 3-1: Base on Balls
|
Batting: RHB James Anderson
|
0-0: Foul Ball, location: 2F 0-1: SINGLE (Groundball, 13) (infield hit) José Martínez to second
|
Batting: RHB Foster Hapgood
|
0-0: Ball 1-0: Called Strike 1-1: Swinging Strike 1-2: Foul Ball, location: 2F 1-2: Strikes out swinging
|
Bottom of the 8th over - 0 run(s), 1 hit(s), 0 error(s), 2 left on base; Savannah 6 - Athens 1 |
TOP OF THE 9TH |
Savannah Hogs batting - Pitching for Athens Assassins : RHP León Delgado
|
Batting: RHB Sergio Moreno
|
0-0: Ball 1-0: Called Strike 1-1: Swinging Strike 1-2: Strikes out swinging
|
Batting: RHB Orlando Márquez
|
0-0: Ball 1-0: Swinging Strike 1-1: Foul Ball, location: 2F 1-2: Ball 2-2: Strikes out swinging
|
Batting: RHB Remi Eruzione
|
0-0: Ball 1-0: Ball 2-0: SINGLE (Groundball, 34D)
|
Batting: RHB Ernesto Gómez
|
0-0: Called Strike 0-1: Called Strike 0-2: Fly out, F4 (Line Drive, 4M)
|
Top of the 9th over - 0 run(s), 1 hit(s), 0 error(s), 1 left on base; Savannah 6 - Athens 1 |
BOTTOM OF THE 9TH |
Athens Assassins batting - Pitching for Savannah Hogs : RHP Ubaldo Tavaia
|
Batting: RHB Luis López
|
0-0: Ball 1-0: Swinging Strike 1-1: Foul Ball, location: 2F 1-2: Strikes out swinging
|
Batting: RHB Maximino Abbado
|
0-0: Called Strike 0-1: Called Strike 0-2: Hit by Pitch
|
Batting: RHB Don Martin
|
0-0: Ball 1-0: Ball 2-0: Grounds into double play, 6-4-3 (Groundball, 6)
|
Bottom of the 9th over - 0 run(s), 0 hit(s), 0 error(s), 0 left on base; Savannah 6 - Athens 1 |
|
Thursday, March 30th, 2017 - OOTP Baseball 17.12 Build 75
|
|